 Dungeon Crawl Stone Soup version 0.29-a0-319-gad05b8d819 (webtiles) character file.

Game seed: 4368828299580345528

105 jmlagarto the Gusty (level 4, -1/39 HPs)
             Began as an Ogre Air Elementalist on Apr 1, 2022.
             Slain by a gnoll
             ... wielding a +0 spear
              (3 damage)
             ... on level 3 of the Dungeon.
             The game lasted 00:04:25 (2979 turns).

jmlagarto the Gusty (Ogre Air Elementalist)         Turns: 2979, Time: 00:04:27

Health: -1/39      AC:  3    Str: 12    XL:     4   Next: 83%
Magic:  0/8        EV: 10    Int: 18    God:
Gold:   111        SH:  0    Dex:  9    Spells: 3/9 levels left

rFire   . . .      SeeInvis .   n - +1 halberd (protect)
rCold   . . .      Faith    .   (shield currently unavailable)
rNeg    . . .      Spirit   .   a - +0 robe
rPois   .          Reflect  .   (helmet restricted)
rElec   .          Harm     .   (no cloak)
rCorr   .          Rampage  .   (gloves unavailable)
Will    .....                   (boots unavailable)
Stlth   ++........              (no amulet)
HPRegen 0.13/turn               (no ring)
MPRegen 0.11/turn               (no ring)

@: no status effects
A: large, unfitting armour, tough skin 1
a: no special abilities


You were on level 3 of the Dungeon.
You visited 1 branch of the dungeon, and saw 3 of its levels.

You collected 111 gold pieces.

Inventory:

Hand Weapons
 j - a +0 trident
 n - a +1 halberd of protection (weapon)
Armour
 a - a +0 robe (worn)
Scrolls
 c - 6 scrolls of teleportation
 d - a scroll of torment
 f - a scroll of enchant weapon
 g - 3 scrolls of identify
 m - a scroll of amnesia {unknown}
 o - 3 scrolls of immolation {unknown}
Potions
 b - a potion of magic
 e - a potion of lignification {unknown}
 h - 2 potions of resistance {unknown}
 i - a potion of brilliance {unknown}
 k - a potion of ambrosia {unknown}
 l - a potion of curing {unknown}
 p - a potion of degeneration {unknown}
 q - a potion of might {unknown}


   Skills:
 + Level 2.4 Dodging
 + Level 2.1 Stealth
 + Level 3.2 Spellcasting
 + Level 1.8 Conjurations
 + Level 3.2 Air Magic


You had 3 spell levels left.
You knew the following spells:

 Your Spells              Type           Power      Damage    Failure   Level
a - Shock                 Conj/Air       48%        1d6       5%          1
b - Static Discharge      Conj/Air       12%        N/A       9%          2
c - Swiftness             Air            14%        N/A       12%         3

Your spell library contained the following spells:

 Spells                   Type           Power      Damage    Failure   Level
 Airstrike                Air            7%         N/A       38%         4


Dungeon Overview and Level Annotations

Branches:
Dungeon (3/15)

Altars:
Vehumet

Annotations:
D:2 1 runed translucent door, Crazy Yiuf


Innate Abilities, Weirdness & Mutations

You are too large for most types of armour.
You have tough skin. (AC +1)


Message History

The zap hits the gnoll.
The gnoll is heavily wounded.
The gnoll closely misses you.
The zap hits the gnoll.
The gnoll is heavily wounded.
The zap hits the gnoll but does no damage.
The gnoll barely misses you.
The zap hits the gnoll.
The gnoll is severely wounded.
The gnoll closely misses you.
The gnoll hits you from afar with a +0 spear.
The zap hits the gnoll but does no damage.
The gnoll is severely wounded.
The gnoll hits you from afar with a +0 spear.
The gnoll misses you.
The zap hits the gnoll.
The gnoll is severely wounded.
The zap hits the gnoll.
The gnoll is lightly wounded.
The gnoll hits you but does no damage.
The gnoll hits you from afar with a +0 spear.
You are too injured to fight recklessly!
Reach: n) +1 halberd (protect)
Press: ? - help, Dir - move target, f/p - gnoll
Aim: a gnoll, wielding a +0 spear (severely wounded, about 53% to evade your +1 halberd of protection)
You reach to attack!
You closely miss the gnoll.
The gnoll is severely wounded.
The gnoll barely misses you. The gnoll hits you but does no damage.
Reach: n) +1 halberd (protect)
Press: ? - help, Dir - move target, f/p - gnoll
Aim: a gnoll, wielding a +0 spear (severely wounded, about 53% to evade your +1 halberd of protection)
You reach to attack!
You completely miss the gnoll.
The gnoll is severely wounded.
The gnoll misses you. The gnoll barely misses you.
The gnoll hits you from afar with a +0 spear.
* * * LOW HITPOINT WARNING * * *
The gnoll hits you from afar with a +1 spear of pain!
* * * LOW HITPOINT WARNING * * *
The gnoll hits you from afar with a +0 spear.
You die...

............)........###...#####
.........(.#..........##.......##
>..........#.†..............#....
...........#........#.#.#.#.##.##
...........###+#.................
........)....# #.##.#.#.#.#..####
.............# #.#..........##
........<....# #.#g.#.#.#.#..####
.............# #@.g..............
.......#.......###g.#.#.#.#......
#.#....#.##[.....................
#.#......> .##.........#..#......
#+#....#...#.....#.#####.##......
..#.###.....##..#.g.g)..########
...+.. ..#).. #..#.###g.......#
...#### ##.........# #?........ #
#.##....# #.........


You could see 3 gnolls.

Vanquished Creatures
  4 gnolls
  3 adders (D:2)
  A worm (D:2)
  2 orcs (D:3)
  2 bats
  5 endoplasms
  3 goblins (D:1)
  2 hobgoblins
  3 quokkas
  3 ball pythons (D:2)
  3 frilled lizards
  5 kobolds
  2 rats
  A spectral hobgoblin (D:1)
39 creatures vanquished.

Notes
Turn   | Place    | Note
-------+----------+-------------------------------------------
     0 | D:1      | jmlagarto the Ogre Air Elementalist began the quest for the
                  | Orb.
     0 | D:1      | Reached XP level 1. HP: 16/16 MP: 3/3
   108 | D:1      | Reached skill level 1 in Conjurations
   293 | D:1      | Reached XP level 2. HP: 24/24 MP: 3/5
   512 | D:1      | Found a faded altar of an unknown god.
   886 | D:2      | Found a runed translucent door.
   887 | D:2      | Noticed Crazy Yiuf
  1023 | D:2      | Found a radiant altar of Vehumet.
  1067 | D:2      | Reached XP level 3. HP: 30/30 MP: 2/7
  1209 | D:2      | Learned a level 2 spell: Static Discharge
  1213 | D:2      | Learned a level 3 spell: Swiftness
  1967 | D:3      | Reached XP level 4. HP: 39/39 MP: 4/8
  2979 | D:3      | Slain by a gnoll

Illustrated notes

Levels and vault maps discovered:
D:1:      heliophobic_arrival_ceremonial_halls, layout_loops_ring,
          dreamdust_ecumenical_altar_drowned_temple
D:2:      layout_basic, basic_altar, minivault_14, uniq_crazy_yiuf_cottage
D:3:      layout_basic, tgw_fedhas, nicolae_tso_besieged_by_evil, serial_glass,
          glass_columns_c, glass_columns_a, glass_columns_b, glass_columns_a,
          cheibrodos_gnoll_hut

Skill      XL: |  1  2  3  4 |
---------------+-------------+-----
Conjurations   | 1 |  1.8
Dodging        | 2 |  2.4
Air Magic      | 3 |  3.2
Spellcasting   | 3 |  3.2
Stealth        | 2 |  2.1

Action                   |  1- 3 |  4- 6 || total
-------------------------+-------+-------++-------
Melee: Unarmed           |     8 |       ||     8
       Trident           |     8 |     5 ||    13
       Halberd           |       |    12 ||    12
 Cast: Shock             |    69 |    45 ||   114
       Static Discharge  |       |     1 ||     1
  Use: Scroll            |     3 |       ||     3
 Stab: Sleeping          |     1 |       ||     1
Armor: Robe              |     5 |     4 ||     9
Dodge: Dodged            |    16 |    25 ||    41

Table legend: (Time is in decaauts)
 A = Elapsed time spent in this place.
 B = Non-inter-level travel time spent in this place.
 C = Inter-level travel time spent in this place.
 D = Time resting spent in this place.
 E = Time spent auto-exploring this place.
 F = Levels seen in this place.
 G = Mean time per level.
                   A        B        C        D        E       F      G
               +--------+--------+--------+--------+--------+-----+--------+
         Total |   2991 |   2878 |    113 |      0 |   2538 |   3 |  997.0 |
       Dungeon |   2991 |   2878 |    113 |      0 |   2538 |   3 |  997.0 |
               +--------+--------+--------+--------+--------+-----+--------+

Top non-repeatable levels by time:
     D:2: 1608 daAuts
     D:1: 798 daAuts
     D:3: 584 daAuts
